Map: 国王藏宝地-天梯版

Players

Toodming - Winner!

  • Race: Zerg Zerg

Stephano

  • Race: Zerg Zerg

Event: WESG 2018 Grand Finals

VOD

Have the link to the VOD?

Description

Time

  • Played on: March 12, 2019, 1:15 a.m.
  • Length: 10:21

All games in this series

Show
View Real Time Build Order
Export as new Build Order

Toodming Zerg - Winner!

Build Orders: Hatch First 

Get SALT Encoding   

  12  0:00  Drone  
  13  0:12  Overlord  
  13  0:18  Drone  
  14  0:31  Drone x2  
  16  0:49  Hatchery  
  15  0:52  Drone  
  15  0:56  Drone  
  17  1:00  Drone  
  18  1:10  Extractor  
  17  1:15  Spawning Pool  
  16  1:19  Drone  
  16  1:21  Drone  
  18  1:29  Drone  
  19  1:42  Drone  
  20  1:50  Overlord  
  20  2:02  Queen x2  
  20  2:03  Zergling x4  
  26  2:10  Metabolic Boost  
  26  2:13  Drone  
  26  2:15  Drone  
  29  2:22  Drone  
  29  2:24  Drone  
  30  2:39  Hatchery  
  30  2:42  Overlord  
  29  2:46  Zergling x2  
  29  2:47  Zergling x2  
  31  2:57  Zergling x6  
  34  3:11  Zergling x2  
  34  3:12  Zergling x12  
  41  3:14  Zergling x2  
  41  3:19  Overlord  
  42  3:33  Overlord  
  42  3:34  Drone x2  
  44  3:43  Drone x2  
  45  3:48  Drone  
  45  3:51  Drone x3  
  45  3:53  Drone x2  
  45  3:54  Drone  
  50  3:56  Drone  
  50  3:58  Queen  
  50  4:03  Drone  
  50  4:04  Drone  
  51  4:14  Roach Warren, Drone x2  
  51  4:15  Extractor x2  
  48  4:17  Drone  
  48  4:20  Drone  
  50  4:24  Drone  
  50  4:30  Overlord, Drone x2  
  52  4:34  Zergling x8  
  56  4:39  Overlord  
  56  4:42  Zergling x2  
  56  4:45  Zergling x2  
  58  4:46  Evolution Chamber  
  57  4:59  Roach x2  
  61  5:00  Roach x3  
  61  5:01  Roach  
  61  5:03  Roach  
  61  5:05  Roach  
  73  5:08  Roach  
  73  5:12  Roach  
  73  5:13  Roach  
  77  5:16  Roach  
  77  5:20  Roach  
  80  5:23  Overlord  
  80  5:31  Lair, Zerg Missile Weapons Level 1  
  78  5:40  Overlord x2  
  78  5:46  Roach x2  
  78  5:47  Roach  
  83  5:50  Roach  
  83  5:51  Roach  
  83  5:55  Roach  
  87  5:59  Drone  
  87  6:01  Overlord  
  88  6:06  Drone x4  
  88  6:09  Drone  
  88  6:10  Drone  
  94  6:24  Overlord  
  94  6:25  Extractor  
  93  6:26  Drone  
  93  6:27  Drone x6  
  100  6:33  Glial Reconstitution  
  100  6:35  Drone x3  
  100  6:37  Drone x2  
  100  6:39  Drone  
  106  6:40  Drone  
  106  6:41  Overseer  
  106  6:51  Roach x2  
  106  6:52  Roach x2  
  114  6:55  Roach x2  
  114  6:57  Overlord  
  114  7:00  Roach  
  120  7:02  Overlord  
  120  7:09  Overlord x2  
  120  7:13  Extractor  
  119  7:20  Drone x2  
  119  7:21  Drone  
  119  7:22  Drone x3  
  125  7:23  Drone x3  
  125  7:25  Extractor  
  125  7:26  Zerg Missile Weapons Level 2  
  125  7:27  Spire  
  126  7:35  Drone  
  127  7:41  Overlord  
  127  7:42  Roach x4  
  127  7:43  Roach x2  
  141  7:44  Roach  
  141  7:51  Roach  
  141  7:52  Overlord x2  
  141  7:55  Roach  
  141  7:56  Roach x2  
  141  7:58  Overlord  
  149  8:08  Overseer  
  149  8:11  Roach x6  
  149  8:12  Roach  
  163  8:19  Hatchery  
  162  8:40  Mutalisk x8  
  178  8:46  Overlord x3  
  178  8:47  Roach x2  
  182  8:51  Ravager  
  182  8:52  Ravager  
  184  8:56  Overlord  
  184  9:00  Overlord  
  184  9:11  Ravager  
  184  9:12  Ravager  
  184  9:19  Roach x2  
  184  9:20  Roach x4  
  196  9:26  Extractor  
  196  9:30  Roach  
  196  9:31  Roach  
  199  9:42  Hatchery  
Show
View Real Time Build Order
Export as new Build Order

Stephano Zerg 

Build Orders: Hatch First 

Get SALT Encoding   

  12  0:01  Drone  
  13  0:13  Overlord  
  13  0:18  Drone  
  14  0:32  Drone x2  
  16  0:48  Hatchery  
  15  0:53  Drone  
  17  0:57  Drone  
  17  1:01  Drone  
  18  1:10  Extractor  
  17  1:16  Spawning Pool  
  16  1:19  Drone  
  16  1:22  Drone  
  18  1:28  Drone  
  19  1:39  Drone  
  20  1:55  Drone  
  21  2:02  Queen x2  
  21  2:04  Drone  
  21  2:05  Overlord  
  26  2:16  Drone  
  26  2:17  Drone  
  28  2:25  Drone x2  
  30  2:36  Evolution Chamber, Zergling x2  
  30  2:39  Queen x2  
  34  2:44  Overlord  
  34  2:46  Drone  
  35  2:53  Drone  
  36  3:03  Drone  
  36  3:04  Drone, Zerg Missile Weapons Level 1  
  36  3:05  Drone x2  
  40  3:12  Drone  
  41  3:13  Roach Warren  
  41  3:14  Drone  
  41  3:24  Lair  
  41  3:26  Drone x2  
  43  3:28  Drone  
  43  3:31  Extractor  
  43  3:32  Overlord  
  43  3:37  Evolution Chamber  
  41  3:51  Zergling x16  
  48  3:56  Zergling x2  
  48  4:01  Zergling x4  
  37  4:16  Drone  
  28  4:28  Drone x2  
  28  4:29  Drone  
  28  4:30  Evolution Chamber  
  30  4:37  Drone x2  
  32  4:41  Drone  
  32  4:42  Drone  
  32  4:45  Drone  
  35  4:48  Drone  
  36  4:53  Drone  
  36  4:54  Drone  
  36  4:57  Drone  
  39  5:02  Roach  
  40  5:09  Roach x2  
  42  5:28  Roach x4  
  49  5:30  Queen  
  51  5:42  Drone  
  51  5:43  Drone  
  50  5:50  Queen  
  50  5:51  Spine Crawler  
  50  5:53  Ravager  
  50  5:56  Overlord x2  
  51  6:01  Spine Crawler  
  51  6:03  Ravager  
  51  6:04  Ravager  
  52  6:12  Overlord  
  52  6:17  Roach x3  
  58  6:26  Drone x2  
  61  6:33  Drone  
  61  6:34  Drone  
  63  6:41  Drone x3  
  63  6:43  Extractor  
  65  6:55  Zerg Missile Weapons Level 2  
  65  6:59  Overlord x2, Extractor  
  64  7:07  Drone x3  
  64  7:08  Drone  
  68  7:14  Overseer  
  68  7:17  Glial Reconstitution  
  68  7:21  Roach x2  
  72  7:27  Roach x2  
  72  7:28  Hatchery  
  75  7:33  Roach x2  
  79  7:38  Drone  
  79  7:39  Drone x2  
  79  7:41  Drone  
  83  7:47  Overseer, Zerg Ground Armor Level 1  
  83  7:49  Overlord  
  83  8:03  Overlord  
  83  8:04  Overlord x2  
  83  8:06  Nydus Network  
  83  8:09  Drone  
  83  8:10  Drone  
  83  8:11  Spine Crawler x2, Roach x2  
  86  8:15  Ravager  
  87  8:27  Roach x4  
  87  8:28  Roach  
  97  8:41  Roach x5  
  107  8:45  Roach  
  107  8:46  Tunneling Claws  
  109  8:55  Burrow  
  109  9:05  Overseer  
  109  9:17  Drone x4  
  113  9:24  Overlord x2  
  113  9:29  Spore Crawler  
  113  9:31  Spore Crawler  
  111  9:40  Spore Crawler  
  111  9:42  Queen  
  111  9:43  Spore Crawler  
  111  9:47  Roach x5  
  112  9:53  Roach x7  
  112  9:54  Roach x2  
  112  9:57  Roach x3  
  108  10:00  Roach  
  69  10:17  Ravager  
Tags
 
Add a new tag
Caveats
  • Supply blocks, unpowered buildings, or Contaminate may cause inaccurate times.
  • Supply counts are checked every 10 seconds.